 Dungeon Crawl Stone Soup version 0.20-a0-269-g17f5411 (webtiles) character file.

70 KristoblXynda the Slasher (level 4, 0/36 HPs)
             Began as a Draconian Gladiator on Dec 8, 2016.
             Slain by a gnoll
             ... wielding a +0 club
              (7 damage)
             ... on level 1 of the Dungeon.
             The game lasted 00:02:25 (1728 turns).

KristoblXynda the Slasher (Draconian Gladiator)     Turns: 1728, Time: 00:02:26

Health: 0/36       AC:  5    Str: 18    XL:     4   Next: 4%
Magic:  4/4        EV: 13    Int:  9    God:
Gold:   121        SH:  0    Dex: 11    Spells: 3/3 levels left

rFire  . . .     SeeInvis .     a - +0 long sword
rCold  . . .     Gourm    .     (armour unavailable)
rNeg   . . .     Faith    .     (no shield)
rPois  .         Spirit   .     b - +0 hat
rElec  .         Reflect  .     (no cloak)
rCorr  .         Harm     .     (no gloves)
MR     .....                    (no boots)
Stlth  ++........               (no amulet)
                                (no ring)
                                (no ring)

@: no status effects
A: unfitting armour, cold-blooded, AC +5
a: no special abilities


You were on level 1 of the Dungeon.
You were not hungry.

You visited 1 branch of the dungeon, and saw 2 of its levels.

You collected 121 gold pieces.

Inventory:

Hand Weapons
 a - a +0 long sword (weapon)
Missiles
 c - 3 throwing nets (quivered)
Armour
 b - a +0 hat (worn)
Scrolls
 e - a scroll of teleportation {unknown}
 g - 2 scrolls of identify {unknown}
 l - a scroll of enchant weapon {unknown}
Potions
 f - 3 potions of curing {unknown}
 h - a potion of lignification {unknown}
 i - 2 potions of ambrosia {unknown}
 j - a potion of degeneration {unknown}
Comestibles
 d - a bread ration
 k - a royal jelly


   Skills:
 - Level 2.1 Fighting
 + Level 3.7 Long Blades
 - Level 2.0 Throwing
 + Level 3.3 Dodging
 + Level 1.6 Stealth


You had 3 spell levels left.
You didn't know any spells.

Dungeon Overview and Level Annotations

Branches:
Dungeon (2/15)

Altars:


Innate Abilities, Weirdness & Mutations

Your plain brown scales are hard. (AC +5)
You cannot fit into any form of body armour.
You are cold-blooded and may be slowed by cold attacks.


Message History

The gnoll hits you from afar with a spear.
The gnoll hits you but does no damage.
The gnoll hits you from afar with a spear!
* * * LOW HITPOINT WARNING * * *
Unknown command.
There is a stone staircase leading up here.
The gnoll hits you but does no damage.
You climb upwards.
There is a stone staircase leading down here.
You closely miss the gnoll. You tail-slap the gnoll.
The gnoll is moderately wounded.
The gnoll hits you with a club.
* * * LOW HITPOINT WARNING * * *
You hit the gnoll.
The gnoll is severely wounded.
The gnoll misses you.
You hit the gnoll.
The gnoll is severely wounded.
The gnoll hits you with a club!
You die...

...........## #.#######
####.####...#####.......#########
##.............................
##...###...#.###.####..#########
##.#..# ##.##.# #..###..#
#.###.## #.##.# #.....).## .##
##.# #.##.# #....#...########
#.###.## #.##.####)#.#...........
##.#..# #.....g@..#.#...########
###.#.####.##.######.##.##
#.......##.#...#####.##.#
#...###.##........##.##.#
....###....#...##.##.##.#
#...#...#####.##...#.##.#
#........# #....#....).#
###......# ####...#.#### #####
#......# ######.##.# #....


You could see a gnoll.

Vanquished Creatures
  A gnoll (D:2)
  2 adders (D:2)
  2 dart slugs
  A leopard gecko (D:2)
  A ball python (D:1)
  A giant cockroach (D:1)
  5 goblins
  7 hobgoblins
  6 kobolds
  3 bats
  7 frilled lizards
  2 rats
  2 fungi (D:2)
40 creatures vanquished.

Notes
Turn   | Place    | Note
-------+----------+-------------------------------------------
     0 | D:1      | KristoblXynda the Draconian Gladiator began the quest for the Orb.
     0 | D:1      | Reached XP level 1. HP: 17/17 MP: 1/1
   128 | D:1      | Reached XP level 2. HP: 24/24 MP: 2/2
  1182 | D:1      | Reached skill level 1 in Stealth
  1325 | D:1      | Reached XP level 3. HP: 29/29 MP: 3/3
  1703 | D:2      | Reached XP level 4. HP: 27/36 MP: 4/4
  1728 | D:1      | Slain by a gnoll

Vault maps used:
D:1:      dpeg_arrival_chambers_temple_mockup
D:2:      tso_metal_star, roderic_roman_lattice, minmay_gold_behind_fungi

Skill      XL: |  1  2 |
---------------+-------+-----
Dodging        | 3 |  3.3
Throwing       | 2 |  2.0
Stealth        | 1 |  1.6
Fighting       | |  2.1
Long Blades    | |  3.7

Action                   |  1- 3 |  4- 6 || total
-------------------------+-------+-------++-------
Melee: Long sword        |   103 |     7 ||   110
       Tailslap          |    12 |     1 ||    13
 Stab: Sleeping          |     3 |       ||     3
  Eat: Chunk             |     3 |       ||     3
Armor: Skin              |    28 |       ||    28
Dodge: Dodged            |    75 |     6 ||    81
       Rpst.: Long sword |    31 |     2 ||    33
